 Dungeon Crawl Stone Soup version 0.21.1-1-g345015f (webtiles) character file.

1261 keltmir the Chopper (level 8, -12/70 HPs)
             Began as a Hill Orc Fighter on Mar 28, 2018.
             Was an Initiate of Qazlal.
             Killed by divine providence
             ... invoked by an orc priest
              (14 damage)
             ... on level 6 of the Dungeon.
             The game lasted 00:16:29 (5822 turns).

keltmir the Chopper (Hill Orc Fighter)              Turns: 5822, Time: 00:16:30

Health: -12/70     AC: 12    Str: 21    XL:     8   Next: 52%
Magic:  3/3        EV:  6    Int:  8    God:    Qazlal [......]
Gold:   228        SH: 10    Dex: 10    Spells: 7/7 levels left

rFire    . . .     SeeInvis .   k - +1 hand axe (antimagic)
rCold    . . .     Gourm    .   c - +0 shield
rNeg     . . .     Faith    .   A - +0 chain mail
rPois    .         Spirit   .   w - +1 helmet
rElec    .         Reflect  .   (no cloak)
rCorr    .         Harm     .   (no gloves)
MR       .....                  (no boots)
Stlth    ..........             q - amulet of rage
HPRegen  0.21/turn              (no ring)
MPRegen  0.08/turn              (no ring)

@: no status effects
A: no striking features
a: Renounce Religion, Convert to Beogh, Evoke Berserk Rage


You were on level 6 of the Dungeon.
You worshipped Qazlal.
Qazlal was noncommittal.
You were not hungry.

You visited 2 branches of the dungeon, and saw 7 of its levels.

You collected 378 gold pieces.
You spent 150 gold pieces at shops.

Inventory:

Hand Weapons
 a - a +0 flail
 k - a +1 antimagic hand axe (weapon)
Missiles
 p - 3 tomahawks (quivered)
 u - 2 curare-tipped needles
Armour
 c - a +0 shield (worn)
 w - a +1 helmet (worn)
 A - a +0 chain mail (worn)
Jewellery
 j - an uncursed amulet of guardian spirit
 q - an amulet of rage (around neck)
Wands
 n - a wand of paralysis (15)
Scrolls
 b - a scroll of magic mapping
 e - a scroll of enchant armour {unknown}
 i - 3 scrolls of teleportation
 l - 2 scrolls of amnesia
 m - a scroll of identify
 v - a scroll of fog
 x - a scroll of immolation {unknown}
 y - 2 scrolls of remove curse
Potions
 d - 2 potions of might
 g - a potion of agility {unknown}
 h - a potion of berserk rage
 o - 3 potions of curing
 r - a potion of ambrosia {unknown}
 s - a potion of haste
 z - a potion of brilliance
Comestibles
 f - 4 rations
 B - 3 chunks of flesh


   Skills:
 + Level 6.1 Fighting
 * Level 7.9(8.2) Axes
 - Level 2.4(4.9) Maces & Flails
 + Level 5.8 Armour
 - Level 1.1 Dodging
 - Level 0.5 Stealth
 + Level 5.5 Shields
 + Level 2.1 Invocations


You had 7 spell levels left.
You didn't know any spells.

Dungeon Overview and Level Annotations

Branches:
Dungeon (6/15)             Temple (1/1) D:5

Altars:
Ashenzari
Elyvilon
Fedhas
Gozag
Hepliaklqana
Makhleb
Nemelex Xobeh
Okawaru
Qazlal
Trog
Vehumet
Xom
Yredelemnul
The Shining One

Shops:
D:4 !


Message History

The magic dart hits you! The adder bites you but does no damage.
The orc priest calls down the wrath of Beogh upon you.
Beogh smites you!
* * * LOW HITPOINT WARNING * * *
The adder barely misses you.
You feel less confused.
You hear some strange, mumbled words.
Something tries to affect you, but you resist.
The orc priest looks satisfied for a moment.
A hound comes into view.
The adder bites you but does no damage.
The orc priest mumbles some strange prayers to Beogh against you.
Beogh smites you!
* * * LOW HITPOINT WARNING * * *
The orc priest threatens, "By the altar or by the axe, you will meet Beogh!"
The orc priest miscasts a cantrip.
Something hits you but does no damage.
The orc priest mumbles some strange prayers to Beogh against you.
Beogh smites you!
You die...

#........# ##..# #........###
#######...# #....<.....##
##...##..#.#
#...........###.....#.##.#
#........<...#........##.#
#............#..(.....##.#
###......<...#........##.#
#..........##.....#.##.#
#......@o[.#........##.. # ..
##>....S..#[........##.. #.
#.#####..........oo.......##.#
#.##.#.....h...............#.##.#
.......##...........###...##.##.#
....................# ###..#.#...
......####..........# #........
.......####.........# #........
#.........#........#####........


You could see a hound, 2 orc priests, an adder and an orc.

Vanquished Creatures
  Grinder (D:4)
  Duvessa (D:4)
  An orc warrior (D:6)
  A sky beast (D:6)
  An ogre (D:5)
  A scorpion (D:4)
  Dowan (D:4)
  3 crimson imps
  2 hounds
  4 orc wizards
  Jessica (D:3)
  Natasha (thrice) (D:3)
  A worker ant (D:6)
  Robin (D:4)
  4 adders
  A shadow imp (D:6)
  An ooze (D:5)
  A worm (D:4)
  3 dart slugs
  7 leopard geckos
  18 orcs
  5 giant cockroaches
  11 hobgoblins
  11 jackals
  6 kobolds
  3 quokkas
  A ball python (D:5)
  9 bats
  11 frilled lizards
  12 goblins
  6 rats
132 creatures vanquished.

Notes
Turn   | Place    | Note
-------+----------+-------------------------------------------
     0 | D:1      | keltmir the Hill Orc Fighter began the quest for the Orb.
     0 | D:1      | Reached XP level 1. HP: 19/19 MP: 1/1
   281 | D:1      | Reached XP level 2. HP: 27/27 MP: 2/2
   571 | D:1      | Reached XP level 3. HP: 33/33 MP: 1/3
   963 | D:2      | Reached skill level 1 in Axes
  1026 | D:2      | Found an opulent altar of Gozag.
  1049 | D:2      | Reached skill level 2 in Axes
  1061 | D:2      | Reached XP level 4. HP: 39/40 MP: 1/4
  1075 | D:2      | Found a white marble altar of Elyvilon.
  1123 | D:2      | Reached skill level 1 in Dodging
  1163 | D:2      | Reached skill level 3 in Axes
  1392 | D:2      | Reached XP level 5. HP: 42/46 MP: 1/5
  1670 | D:3      | Noticed Jessica
  1690 | D:3      | Killed Jessica
  1928 | D:3      | Noticed Natasha
  1938 | D:3      | Killed Natasha
  1938 | D:3      | Reached skill level 4 in Axes
  1978 | D:3      | Noticed Natasha
  2005 | D:3      | Killed Natasha
  2190 | D:3      | Noticed Natasha
  2194 | D:3      | Killed Natasha
  2194 | D:3      | Reached XP level 6. HP: 53/53 MP: 2/6
  2580 | D:4      | Reached skill level 5 in Axes
  2618 | D:4      | Found Naghokho's Distillery.
  2627 | D:4      | Bought a potion of haste for 100 gold pieces
  2627 | D:4      | Bought a potion of heal wounds for 50 gold pieces
  2720 | D:4      | Noticed Robin
  2739 | D:4      | Killed Robin
  3285 | D:4      | Noticed Dowan
  3305 | D:4      | Killed Dowan
  3305 | D:4      | Reached XP level 7. HP: 50/60 MP: 2/7
  3356 | D:4      | Noticed Duvessa
  3382 | D:4      | Killed Duvessa
  3382 | D:4      | Reached skill level 5 in Fighting
  3382 | D:4      | Reached skill level 6 in Axes
  3698 | D:4      | Noticed Grinder
  3711 | D:4      | Paralysed by Grinder for 3 turns
  3722 | D:4      | Killed Grinder
  3722 | D:4      | Reached skill level 5 in Armour
  4197 | D:5      | Entered Level 5 of the Dungeon
  4197 | D:5      | Found a shimmering altar of Xom.
  4360 | D:5      | Reached skill level 5 in Shields
  4602 | D:5      | Reached skill level 7 in Axes
  4602 | D:5      | Reached XP level 8. HP: 43/70 MP: 2/8
  4753 | D:5      | Found a staircase to the Ecumenical Temple.
  4761 | Temple   | Entered the Ecumenical Temple
  4812 | Temple   | Became a worshipper of Qazlal Stormbringer
  5445 | D:6      | Reached skill level 1 in Invocations
  5814 | D:6      | HP: 3/70 [adder (4)]
  5821 | D:6      | HP: 2/70 [orc priest/divine providence (15)]
  5822 | D:6      | Killed from afar by an orc priest

Skill      XL: |  1  2  3  4  5  6  7  8 |
---------------+-------------------------+-----
Fighting       | 4 5 6 |  6.1
Axes           | 2 3 4 5 7 |  7.9
Armour         | 4 5 |  5.8
Dodging        | 1 |  1.1
Shields        | 4 5 |  5.5
Invocations    | 2 |  2.1
Maces & Flails | |  2.4
Stealth        | |  0.5

Action                   |  1- 3 |  4- 6 |  7- 9 || total
-------------------------+-------+-------+-------++-------
Melee: Flail             |    34 |       |       ||    34
       Hand axe          |    67 |   254 |   220 ||   541
Throw: Tomahawk          |       |       |     4 ||     4
       Throwing net      |       |       |     1 ||     1
  Use: Scroll            |     6 |     3 |     3 ||    12
       Potion            |       |       |     1 ||     1
  Eat: Chunk             |     1 |     6 |     6 ||    13
       Ration            |       |       |     1 ||     1
Armor: Scale mail        |    58 |   101 |    34 ||   193
       Chain mail        |       |       |    47 ||    47
Dodge: Dodged            |    31 |    67 |    39 ||   137
Block: Shield            |    55 |   110 |    88 ||   253
